Lightning vs RedWings

Created - Sunday, March 29, 2015 at 01:05

Goals
1 2 3 T
Lightning 2 1 0 3
RedWings 0 1 0 1
Shots
1 2 3 T
Lightning 10 7 7 24
RedWings 15 9 8 32

1st period

1. Lightning , Patrick Marleau 48 (Brandon Dubinsky) at 4:54
2. Lightning , Patrick Marleau 49 (Ondrej Palat, Brandon Dubinsky) at 18:47 (PP)

Penalties :
Jannik Hansen (Det) for Hooking (Minor) at 8:23, Jason Demers (Det) for Tripping (Minor) at 18:36

2nd period

3. Lightning , Ondrej Palat 16 (Patrick Marleau, Ryan Suter) at 1:16
4. RedWings , Jannik Hansen 21 (Justin Abdelkader) at 2:24

Penalties :
Dave Bolland (TB ) for Roughing (Minor) at 2:31, Alex Chiasson (TB ) for Roughing (Minor) at 9:41, Alexei Emelin (Det) for Tripping (Minor) at 13:37

3rd period

No Goal

Penalties :
David Moss (Det) for Hooking (Minor) at 6:23, Michael Stone (TB ) for Diving (Minor) at 17:15

Goalie Stats

Ben Scrivens (TB ), 31 saves from 32 shots - (0.969), W, 10-1-0, 60:00 minutes
Jhonas Enroth (Det), 21 saves from 24 shots - (0.875), L, 1-8-0, 60:00 minutes

Players Stats for Lightning

Player Name              G  A  P  +/- PIM S  H  SB GA TA FO     MP     PP MP  PK MP  
------------------------------------------------------------------------------------
Alex Chiasson            0  0  0   0  2   3  2  0  2  1  0/0    16:53   3:02   0:00 
Brandon Dubinsky         0  2  2   1  0   0  2  1  1  1  9/20   19:33   3:06   3:11 
Dave Bolland             0  0  0   0  2   1  0  0  1  0  2/11   12:48   0:00   0:00 
Erik Condra              0  0  0   0  0   1  0  1  1  0  0/0     8:11   0:00   0:00 
Jiri Tlusty              0  0  0   0  0   1  0  0  0  0  0/0    16:34   3:02   0:00 
John Mitchell            0  0  0   0  0   2  1  0  1  0  4/12   11:25   0:00   2:46 
Marc Methot              0  0  0   1  0   2  1  5  0  3  0/0    22:51   3:35   4:01 
Matt Calvert             0  0  0   0  0   1  3  0  3  0  0/0    12:28   0:00   0:00 
Mattias Ekholm           0  0  0   0  0   0  2  1  0  0  0/0    16:28   0:00   0:00 
Michael Stone            0  0  0   1  2   0  2  2  0  0  0/0    21:10   3:35   2:14 
Nikolai Kulemin          0  0  0   0  0   1  0  1  3  1  1/1    15:42   0:00   2:46 
Ondrej Palat             1  1  2   1  0   1  1  1  2  0  0/0    16:02   3:06   0:00 
Patrick Marleau          2  1  3   1  0   5  2  1  4  1  1/1    19:33   3:06   3:11 
Roman Polak              0  0  0   0  0   0  1  2  0  1  0/0    18:52   0:00   1:56 
Ryan Nugent-Hopkins      0  0  0   0  0   2  1  0  2  0  7/10   16:34   3:02   0:00 
Ryan Suter               0  1  1   0  0   2  2  3  0  2  0/0    21:59   2:33   3:14 
Shawn Matthias           0  0  0   0  0   1  1  0  2  0  0/0     8:11   0:00   0:00 
Tyson Barrie             0  0  0   0  0   1  0  1  0  2  0/0    18:46   2:33   0:29 

Players Stats for RedWings

Player Name              G  A  P  +/- PIM S  H  SB GA TA FO     MP     PP MP  PK MP  
------------------------------------------------------------------------------------
Alexei Emelin            0  0  0  -2  2   3  4  0  0  2  0/0    24:24   3:21   2:24 
Beau Bennett             0  0  0   0  0   2  0  0  3  0  0/2    11:19   0:00   1:38 
Bryan Bickell            0  0  0  -1  0   1  1  0  3  0  0/0    16:11   2:49   0:46 
Chris VandeVelde         0  0  0  -1  0   2  1  0  1  0  5/10   12:35   0:00   0:00 
Damien Brunner           0  0  0  -1  0   3  0  0  1  0  0/1    15:25   2:49   0:00 
David Moss               0  0  0   1  2   0  0  1  1  0  0/0    19:28   3:08   3:18 
Devante Smith-Pelly      0  0  0  -1  0   3  2  0  1  1  1/1    12:35   0:00   0:00 
Jannik Hansen            1  0  1   1  2   3  1  0  1  0  1/1    16:02   3:08   0:23 
Jason Demers             0  0  0   1  2   5  1  1  0  2  0/0    20:32   2:36   2:02 
Jesse Joensuu            0  0  0   0  0   1  0  0  1  1  0/0    11:06   0:00   0:54 
John-Michael Liles       0  0  0   1  0   4  1  3  2  1  0/0    20:44   2:36   2:13 
Johnny Boychuk           0  0  0  -2  0   1  0  2  1  6  0/0    25:47   3:21   3:55 
Justin Abdelkader        0  1  1   1  0   2  4  0  1  1  9/19   20:35   3:08   4:55 
Mike Angelidis           0  0  0   0  0   1  0  0  0  0  3/6     9:32   0:00   0:00 
Nick Leddy               0  0  0   0  0   0  1  0  3  0  0/0    13:29   0:00   0:00 
Paul Postma              0  0  0   0  0   1  1  0  0  2  0/0    15:11   0:00   1:42 
Zac Rinaldo              0  0  0  -1  0   0  0  0  0  0  1/2    12:35   0:00   0:00 
Zenon Konopka            0  0  0  -1  0   0  1  0  0  1  11/13  16:18   2:49   0:22 

3 Stars

1 - Patrick Marleau (TB )
2 - Ben Scrivens (TB )
3 - Ondrej Palat (TB )

Power Play

Lightning - 1 on 4 Attempt(s) - 25.00%
RedWings - 0 on 3 Attempt(s) - 0.00%

Penalty Kill

Lightning - 3 on 3 Attempt(s) - 100.00% - Score 0 goal in Penalty Kill
RedWings - 3 on 4 Attempt(s) - 75.00% - Score 0 goal in Penalty Kill

Team Stat

Lightning - Hits : 21 - Faceoff Wins : 24 - Blocked Shots : 19 - Penalty Minutes : 6
RedWings - Hits : 18 - Faceoff Wins : 31 - Blocked Shots : 7 - Penalty Minutes : 8

Official

Referees : Unknown
Linesman : Unknown

Game Notes

No Game Note

Finance

Level 1 -- Attendance: 4351 (72.52%) -- Ticket Income $435,100
Level 2 -- Attendance: 3712 (74.24%) -- Ticket Income $222,720
Level 3 -- Attendance: 1980 (99.00%) -- Ticket Income $59,400
Level 4 -- Attendance: 3066 (76.65%) -- Ticket Income $61,320
Luxury Box -- Attendance: 863 (86.30%) -- Ticket Income $146,710
Game was played at the Joe Louis Arena'
Total Attendance: 13972 (77.62%)
Total Ticket Income: $925,250
Other Income: $453,372
Total Income: $1,378,622

Lightning

5 vs 5 Forward 
   Center                   Left Wing                Right Wing               Time % Phy DF OF 
 1 Brandon Dubinsky         Ondrej Palat             Patrick Marleau          30     1   2  2  
 2 Ryan Nugent-Hopkins      Jiri Tlusty              Alex Chiasson            30     0   2  3  
 3 Dave Bolland             Matt Calvert             Nikolai Kulemin          25     1   3  1  
 4 John Mitchell            Shawn Matthias           Erik Condra              15     1   3  1  

5 vs 5 Defense 
   Defense                  Defense                                           Time % Phy DF OF 
 1 Ryan Suter               Tyson Barrie                                      34     1   2  2  
 2 Marc Methot              Michael Stone                                     33     1   2  2  
 3 Roman Polak              Mattias Ekholm                                    33     1   2  2  
 4 Ryan Suter               Tyson Barrie                                      0      1   2  2  

PowerPlay Forward 
   Center                   Left Wing                Right Wing               Time % Phy DF OF 
 1 Brandon Dubinsky         Ondrej Palat             Patrick Marleau          50     0   1  4  
 2 Ryan Nugent-Hopkins      Jiri Tlusty              Alex Chiasson            50     0   1  4  

PowerPlay Defense
   Defense                  Defense                                           Time % Phy DF OF 
 1 Ryan Suter               Tyson Barrie                                      60     1   2  2  
 2 Marc Methot              Michael Stone                                     40     1   2  2  

Penalty Kill 4 Players Forward 
   Center                   Wing                     Time % Phy DF OF 
 1 John Mitchell            Nikolai Kulemin          50     1   4  0  
 2 Brandon Dubinsky         Patrick Marleau          50     1   4  0  

Penalty Kill 4 Players Defense
   Defense                  Defense                  Time % Phy DF OF 
 1 Marc Methot              Michael Stone            50     1   4  0  
 2 Ryan Suter               Roman Polak              50     1   4  0  

Penalty Kill - 3 Players Forward 
   Forward                                           Time % Phy DF OF 
 1 John Mitchell                                     50     1   4  0  
 2 Brandon Dubinsky                                  50     1   4  0  

Penalty Kill - 3 Players Defense
   Defense                  Defense                  Time % Phy DF OF 
 1 Marc Methot              Michael Stone            50     1   4  0  
 2 Ryan Suter               Roman Polak              50     1   4  0  

4 vs 4 Forward 
   Center                   Wing                     Time % Phy DF OF 
 1 Brandon Dubinsky         Patrick Marleau          50     0   2  3  
 2 Ryan Nugent-Hopkins      Ondrej Palat             50     0   2  3  

4 vs 4 Defense
   Defense                  Defense                  Time % Phy DF OF 
 1 Ryan Suter               Tyson Barrie             60     1   2  2  
 2 Marc Methot              Michael Stone            40     1   2  2  

Last Minutes Offensive
   Center                   Left Wing                Right Wing               Defense                  Defense                  
   Brandon Dubinsky         Ondrej Palat             Patrick Marleau          Ryan Suter               Tyson Barrie             

Last Minutes Defensive
   Center                   Left Wing                Right Wing               Defense                  Defense                  
   Brandon Dubinsky         Patrick Marleau          Nikolai Kulemin          Ryan Suter               Marc Methot              

Goaltenders
Starting : Ben Scrivens             
Backup : Carey Price              

Extra Forwards
Normal : Ondrej Palat, Patrick Marleau, Ryan Nugent-Hopkins - PP : Ondrej Palat, Patrick Marleau - PK : Nikolai Kulemin
Extra Defensemen
Normal : Ryan Suter, Tyson Barrie, Marc Methot - PP : Ryan Suter - PK : Ryan Suter, Marc Methot
Penalty Shots
Patrick Marleau, Nikolai Kulemin, Ryan Nugent-Hopkins, Ondrej Palat, Jiri Tlusty

RedWings

5 vs 5 Forward 
   Center                   Left Wing                Right Wing               Time % Phy DF OF 
 1 Justin Abdelkader        Jannik Hansen            David Moss               30     1   2  2  
 2 Zenon Konopka            Bryan Bickell            Damien Brunner           30     1   2  2  
 3 Chris VandeVelde         Devante Smith-Pelly      Zac Rinaldo              22     1   2  2  
 4 Mike Angelidis           Beau Bennett             Jesse Joensuu            18     1   2  2  

5 vs 5 Defense 
   Defense                  Defense                                           Time % Phy DF OF 
 1 Johnny Boychuk           Alexei Emelin                                     35     1   2  2  
 2 Jason Demers             John-Michael Liles                                30     1   2  2  
 3 Nick Leddy               Paul Postma                                       22     1   2  2  
 4 Johnny Boychuk           Alexei Emelin                                     13     1   2  2  

PowerPlay Forward 
   Center                   Left Wing                Right Wing               Time % Phy DF OF 
 1 Justin Abdelkader        Jannik Hansen            David Moss               60     1   2  2  
 2 Zenon Konopka            Bryan Bickell            Damien Brunner           40     1   2  2  

PowerPlay Defense
   Defense                  Defense                                           Time % Phy DF OF 
 1 Johnny Boychuk           Alexei Emelin                                     60     1   2  2  
 2 Jason Demers             John-Michael Liles                                40     1   2  2  

Penalty Kill 4 Players Forward 
   Center                   Wing                     Time % Phy DF OF 
 1 Justin Abdelkader        David Moss               60     1   2  2  
 2 Jannik Hansen            Bryan Bickell            40     1   2  2  

Penalty Kill 4 Players Defense
   Defense                  Defense                  Time % Phy DF OF 
 1 Johnny Boychuk           Alexei Emelin            60     1   2  2  
 2 Jason Demers             John-Michael Liles       40     1   2  2  

Penalty Kill - 3 Players Forward 
   Forward                                           Time % Phy DF OF 
 1 Justin Abdelkader                                 60     1   2  2  
 2 David Moss                                        40     1   2  2  

Penalty Kill - 3 Players Defense
   Defense                  Defense                  Time % Phy DF OF 
 1 Johnny Boychuk           Alexei Emelin            60     1   2  2  
 2 Jason Demers             John-Michael Liles       40     1   2  2  

4 vs 4 Forward 
   Center                   Wing                     Time % Phy DF OF 
 1 Justin Abdelkader        David Moss               60     1   2  2  
 2 Jannik Hansen            Bryan Bickell            40     1   2  2  

4 vs 4 Defense
   Defense                  Defense                  Time % Phy DF OF 
 1 Johnny Boychuk           Alexei Emelin            60     1   2  2  
 2 Jason Demers             John-Michael Liles       40     1   2  2  

Last Minutes Offensive
   Center                   Left Wing                Right Wing               Defense                  Defense                  
   Justin Abdelkader        Jannik Hansen            David Moss               Johnny Boychuk           Alexei Emelin            

Last Minutes Defensive
   Center                   Left Wing                Right Wing               Defense                  Defense                  
   Justin Abdelkader        Jannik Hansen            David Moss               Johnny Boychuk           Alexei Emelin            

Goaltenders
Starting : Jhonas Enroth            
Backup : Jonas Hiller             

Extra Forwards
Normal : Devante Smith-Pelly, Zac Rinaldo, Beau Bennett - PP : Devante Smith-Pelly, Zac Rinaldo - PK : Beau Bennett
Extra Defensemen
Normal : Nick Leddy, Paul Postma, Jason Demers - PP : Nick Leddy - PK : Paul Postma, Jason Demers
Penalty Shots
Justin Abdelkader, David Moss, Jannik Hansen, Bryan Bickell, Damien Brunner

% Time on Ice - Lightning

Lines # - Real PCT - Wanted PCT - Time Play
Normal Forward
1 - 28% - 30% - 13:24
2 - 29% - 30% - 13:52
3 - 26% - 25% - 12:28
4 - 17% - 15% - 8:11
Normal Defense
1 - 34% - 34% - 16:04
2 - 32% - 33% - 15:23
3 - 34% - 33% - 16:28
4 - 0% - 0% - 0:00
PP Forward
1 - 51% - 50% - 3:06
2 - 49% - 50% - 3:02
PP Defense
1 - 42% - 60% - 2:33
2 - 58% - 40% - 3:35
PK Forward
1 - 46% - 50% - 2:46
2 - 54% - 50% - 3:11
PK Defense
1 - 68% - 50% - 4:01
2 - 32% - 50% - 1:56
PK3 Forward
1 - 0% - 50%
2 - 0% - 50%
PK3 Defense
1 - 0% - 50%
2 - 0% - 50%
44 Forward
1 - 0% - 50%
2 - 0% - 50%
44 Defense
1 - 0% - 60%
2 - 0% - 40%
Last Minute Offensive  - 0:00
Last Minute Defensive  - 0:00
Total
Forward - 60:00
Defense - 60:00

% Time on Ice - RedWings

Lines # - Real PCT - Wanted PCT - Time Play
Normal Forward
1 - 28% - 30% - 13:12
2 - 26% - 30% - 12:36
3 - 26% - 22% - 12:35
4 - 20% - 18% - 9:32
Normal Defense
1 - 31% - 35% - 15:02
2 - 33% - 30% - 15:55
3 - 28% - 22% - 13:29
4 - 7% - 13% - 3:29
PP Forward
1 - 53% - 60% - 3:08
2 - 47% - 40% - 2:49
PP Defense
1 - 56% - 60% - 3:21
2 - 44% - 40% - 2:36
PK Forward
1 - 88% - 60% - 5:22
2 - 13% - 40% - 0:46
PK Defense
1 - 64% - 60% - 3:55
2 - 36% - 40% - 2:13
PK3 Forward
1 - 0% - 60%
2 - 0% - 40%
PK3 Defense
1 - 0% - 60%
2 - 0% - 40%
44 Forward
1 - 0% - 60%
2 - 0% - 40%
44 Defense
1 - 0% - 60%
2 - 0% - 40%
Last Minute Offensive  - 0:00
Last Minute Defensive  - 0:00
Total
Forward - 60:00
Defense - 60:00

Play by Play

1st period


0:01 of 1st period - Justin Abdelkader wins face-off versus Brandon Dubinsky in neutral zone.
0:04 of 1st period - Slapshot by Jannik Hansen.
0:04 of 1st period - Stopped by Ben Scrivens without a rebound.
0:05 of 1st period - Brandon Dubinsky wins face-off versus Justin Abdelkader in Lightning zone.
0:22 of 1st period - Slapshot by Jannik Hansen.
0:22 of 1st period - Stopped by Ben Scrivens with a rebound.
1:35 of 1st period - Chris VandeVelde is hit by Michael Stone and loses puck.
1:50 of 1st period - Snap shot by Devante Smith-Pelly.
1:50 of 1st period - Shot Misses the Net.
1:58 of 1st period - Slapshot by Jason Demers.
1:58 of 1st period - Shot Misses the Net.
2:00 of 1st period - Snap shot by Chris VandeVelde.
2:00 of 1st period - Stopped by Ben Scrivens with a rebound.
2:02 of 1st period - Slapshot by Devante Smith-Pelly.
2:02 of 1st period - Shot Blocked by Nikolai Kulemin.
3:20 of 1st period - Snap shot by Patrick Marleau.
3:20 of 1st period - Deflect By Brandon Dubinsky.
3:20 of 1st period - Shot Misses the Net.
3:20 of 1st period - Puck is out of play.
3:21 of 1st period - Zenon Konopka wins face-off versus Brandon Dubinsky in RedWings zone.
3:28 of 1st period - Snap shot by Damien Brunner.
3:28 of 1st period - Stopped by Ben Scrivens without a rebound.
3:29 of 1st period - Ryan Nugent-Hopkins wins face-off versus Damien Brunner in Lightning zone.
4:12 of 1st period - Icing by John-Michael Liles.
4:13 of 1st period - Zenon Konopka wins face-off versus Dave Bolland in RedWings zone.
4:26 of 1st period - Slapshot by Jason Demers.
4:26 of 1st period - Stopped by Ben Scrivens with a rebound.
4:28 of 1st period - Slapshot by Alexei Emelin.
4:28 of 1st period - Stopped by Ben Scrivens with a rebound.
4:30 of 1st period - Slapshot by Chris VandeVelde.
4:30 of 1st period - Shot Blocked by Mattias Ekholm.
4:32 of 1st period - Snap shot by Zac Rinaldo.
4:32 of 1st period - Shot Misses the Net.
4:34 of 1st period - Wrist shot by Chris VandeVelde.
4:34 of 1st period - Stopped by Ben Scrivens with a rebound.
4:36 of 1st period - Slapshot by Johnny Boychuk.
4:36 of 1st period - Deflect By Roman Polak.
4:36 of 1st period - Stopped by Ben Scrivens without a rebound.
4:37 of 1st period - Chris VandeVelde wins face-off versus Brandon Dubinsky in Lightning zone.
4:38 of 1st period - Wrist shot by Devante Smith-Pelly.
4:38 of 1st period - Shot Misses the Net.
4:54 of 1st period - Wrist shot by Patrick Marleau.
4:54 of 1st period - Goal by Patrick Marleau - Lightning : 1 - RedWings : 0.
4:55 of 1st period - Dave Bolland wins face-off versus Justin Abdelkader in neutral zone.
5:02 of 1st period - Snap shot by Matt Calvert.
5:02 of 1st period - Stopped by Jhonas Enroth with a rebound.
5:30 of 1st period - Wrist shot by Nikolai Kulemin.
5:30 of 1st period - Stopped by Jhonas Enroth with a rebound.
5:56 of 1st period - Snap shot by John Mitchell.
5:56 of 1st period - Stopped by Jhonas Enroth with a rebound.
5:58 of 1st period - Wrist shot by Erik Condra.
5:58 of 1st period - Deflect By John Mitchell.
5:58 of 1st period - Shot Misses the Net.
5:58 of 1st period - Puck is out of play.
5:59 of 1st period - Ryan Nugent-Hopkins wins face-off versus Beau Bennett in RedWings zone.
6:32 of 1st period - Snap shot by Alex Chiasson.
6:32 of 1st period - Shot Misses the Net.
7:17 of 1st period - Off-side.
7:18 of 1st period - Devante Smith-Pelly wins face-off versus John Mitchell in neutral zone.
7:21 of 1st period - Slapshot by Alexei Emelin.
7:21 of 1st period - Deflect By Devante Smith-Pelly.
7:21 of 1st period - Shot Misses the Net.
7:21 of 1st period - Puck is out of play.
7:22 of 1st period - Chris VandeVelde wins face-off versus John Mitchell in Lightning zone.
7:37 of 1st period - Snap shot by Devante Smith-Pelly.
7:37 of 1st period - Shot Misses the Net.
7:47 of 1st period - Zac Rinaldo is hit by Shawn Matthias and loses puck.
8:10 of 1st period - Snap shot by Justin Abdelkader.
8:10 of 1st period - Shot Blocked by Tyson Barrie.
8:23 of 1st period - Minor Penalty to Jannik Hansen for Hooking.
8:24 of 1st period - Justin Abdelkader wins face-off versus Brandon Dubinsky in RedWings zone.
8:51 of 1st period - Wrist shot by Brandon Dubinsky.
8:51 of 1st period - Shot Blocked by John-Michael Liles.
9:35 of 1st period - Wrist shot by Bryan Bickell.
9:35 of 1st period - Stopped by Ben Scrivens with a rebound.
9:37 of 1st period - Slapshot by Johnny Boychuk.
9:37 of 1st period - Shot Blocked by Michael Stone.
9:45 of 1st period - Johnny Boychuk is hit by Marc Methot and loses puck.
9:58 of 1st period - Johnny Boychuk is hit by Patrick Marleau and loses puck.
10:23 of 1st period - Penalty to Jannik Hansen is over, Jannik Hansen is back on ice.
10:58 of 1st period - Snap shot by Devante Smith-Pelly.
10:58 of 1st period - Stopped by Ben Scrivens with a rebound.
11:00 of 1st period - Snap shot by Paul Postma.
11:00 of 1st period - Deflect By Zac Rinaldo.
11:00 of 1st period - Shot Misses the Net.
11:00 of 1st period - Puck is out of play.
11:01 of 1st period - Zenon Konopka wins face-off versus Dave Bolland in Lightning zone.
11:06 of 1st period - Wrist shot by Damien Brunner.
11:06 of 1st period - Stopped by Ben Scrivens without a rebound.
11:07 of 1st period - John Mitchell wins face-off versus Zenon Konopka in Lightning zone.
11:14 of 1st period - Wrist shot by Erik Condra.
11:14 of 1st period - Stopped by Jhonas Enroth without a rebound.
11:15 of 1st period - John Mitchell wins face-off versus Zenon Konopka in RedWings zone.
11:20 of 1st period - Wrist shot by John Mitchell.
11:20 of 1st period - Shot Misses the Net.
11:32 of 1st period - Snap shot by Shawn Matthias.
11:32 of 1st period - Stopped by Jhonas Enroth without a rebound.
11:33 of 1st period - Mike Angelidis wins face-off versus Ryan Nugent-Hopkins in RedWings zone.
12:06 of 1st period - Wrist shot by Jesse Joensuu.
12:06 of 1st period - Stopped by Ben Scrivens with a rebound.
12:08 of 1st period - Slapshot by Beau Bennett.
12:08 of 1st period - Shot Blocked by Ryan Suter.
12:10 of 1st period - Snap shot by Jesse Joensuu.
12:10 of 1st period - Shot Blocked by Ryan Suter.
12:20 of 1st period - Zenon Konopka is hit by Ryan Suter and loses puck.
13:37 of 1st period - Snap shot by Devante Smith-Pelly.
13:37 of 1st period - Shot Blocked by Marc Methot.
13:39 of 1st period - Slapshot by Jason Demers.
13:39 of 1st period - Stopped by Ben Scrivens without a rebound.
13:40 of 1st period - John Mitchell wins face-off versus Chris VandeVelde in Lightning zone.
13:40 of 1st period - John Mitchell is hit by Devante Smith-Pelly.
14:14 of 1st period - Slapshot by John-Michael Liles.
14:14 of 1st period - Shot Misses the Net.
14:47 of 1st period - Jiri Tlusty is hit by Justin Abdelkader and loses puck.
15:33 of 1st period - Jesse Joensuu is hit by Brandon Dubinsky and loses puck.
16:11 of 1st period - Slapshot by Tyson Barrie.
16:11 of 1st period - Stopped by Jhonas Enroth with a rebound.
17:27 of 1st period - Marc Methot is hit by Alexei Emelin.
17:39 of 1st period - Snap shot by Ryan Nugent-Hopkins.
17:39 of 1st period - Stopped by Jhonas Enroth with a rebound.
18:17 of 1st period - Slapshot by Jason Demers.
18:17 of 1st period - Stopped by Ben Scrivens without a rebound.
18:18 of 1st period - John Mitchell wins face-off versus Chris VandeVelde in Lightning zone.
18:36 of 1st period - Minor Penalty to Jason Demers for Tripping.
18:37 of 1st period - Brandon Dubinsky wins face-off versus Justin Abdelkader in RedWings zone.
18:45 of 1st period - Slapshot by Patrick Marleau.
18:45 of 1st period - Stopped by Jhonas Enroth with a rebound.
18:47 of 1st period - Slapshot by Ondrej Palat.
18:47 of 1st period - Deflect By Patrick Marleau.
18:47 of 1st period - Goal by Patrick Marleau - Lightning : 2 - RedWings : 0.
18:48 of 1st period - Brandon Dubinsky wins face-off versus Justin Abdelkader in neutral zone.
19:00 of 1st period - Snap shot by Justin Abdelkader.
19:00 of 1st period - Stopped by Ben Scrivens with a rebound.
19:02 of 1st period - Snap shot by Jannik Hansen.
19:02 of 1st period - Shot Misses the Net.
19:04 of 1st period - Slapshot by John-Michael Liles.
19:04 of 1st period - Shot Blocked by Brandon Dubinsky.
19:06 of 1st period - Slapshot by David Moss.
19:06 of 1st period - Shot Blocked by Roman Polak.
19:45 of 1st period - Zenon Konopka is hit by Roman Polak and loses puck.
Goals for this period are 2 for Lightning vs 0 for RedWings.
Shots for this period are 10 for Lightning vs 15 for RedWings.

2nd period


0:01 of 2nd period - Jannik Hansen wins face-off versus Dave Bolland in neutral zone.
0:38 of 2nd period - Slapshot by Justin Abdelkader.
0:38 of 2nd period - Shot Misses the Net.
1:03 of 2nd period - Ryan Suter is hit by Alexei Emelin and loses puck.
1:16 of 2nd period - Snap shot by Ondrej Palat.
1:16 of 2nd period - Goal by Ondrej Palat - Lightning : 3 - RedWings : 0.
1:17 of 2nd period - Ryan Nugent-Hopkins wins face-off versus Mike Angelidis in neutral zone.
1:28 of 2nd period - Snap shot by Alex Chiasson.
1:28 of 2nd period - Shot Misses the Net.
2:04 of 2nd period - David Moss is hit by Brandon Dubinsky and loses puck.
2:18 of 2nd period - Roman Polak is hit by Nick Leddy.
2:24 of 2nd period - Snap shot by Jannik Hansen.
2:24 of 2nd period - Goal by Jannik Hansen - Lightning : 3 - RedWings : 1.
2:25 of 2nd period - Zenon Konopka wins face-off versus Dave Bolland in neutral zone.
2:31 of 2nd period - Minor Penalty to Dave Bolland for Roughing.
2:32 of 2nd period - Justin Abdelkader wins face-off versus John Mitchell in Lightning zone.
3:38 of 2nd period - Snap shot by Patrick Marleau.
3:38 of 2nd period - Shot Blocked by John-Michael Liles.
4:22 of 2nd period - Ryan Suter is hit by Justin Abdelkader and loses puck.
4:31 of 2nd period - Penalty to Dave Bolland is over, Dave Bolland is back on ice.
4:45 of 2nd period - Roman Polak is hit by Jannik Hansen and loses puck.
5:24 of 2nd period - Zac Rinaldo is hit by Alex Chiasson and loses puck.
5:53 of 2nd period - Slapshot by Beau Bennett.
5:53 of 2nd period - Deflect By Patrick Marleau.
5:53 of 2nd period - Stopped by Ben Scrivens with a rebound.
7:12 of 2nd period - Wrist shot by Bryan Bickell.
7:12 of 2nd period - Shot Blocked by Erik Condra.
8:01 of 2nd period - Slapshot by Alex Chiasson.
8:01 of 2nd period - Stopped by Jhonas Enroth without a rebound.
8:02 of 2nd period - Brandon Dubinsky wins face-off versus Justin Abdelkader in RedWings zone.
8:27 of 2nd period - Backhand shot by Patrick Marleau.
8:27 of 2nd period - Shot Misses the Net.
8:29 of 2nd period - Slapshot by Mattias Ekholm.
8:29 of 2nd period - Shot Blocked by Johnny Boychuk.
8:31 of 2nd period - Slapshot by Patrick Marleau.
8:31 of 2nd period - Stopped by Jhonas Enroth without a rebound.
8:32 of 2nd period - Zenon Konopka wins face-off versus Dave Bolland in RedWings zone.
8:32 of 2nd period - Zenon Konopka is hit by Matt Calvert.
9:41 of 2nd period - Minor Penalty to Alex Chiasson for Roughing.
9:42 of 2nd period - Brandon Dubinsky wins face-off versus Justin Abdelkader in Lightning zone.
10:35 of 2nd period - Michael Stone is hit by Bryan Bickell.
11:00 of 2nd period - Slapshot by Ryan Suter.
11:00 of 2nd period - Stopped by Jhonas Enroth with a rebound.
11:02 of 2nd period - Wrist shot by John Mitchell.
11:02 of 2nd period - Stopped by Jhonas Enroth without a rebound.
11:03 of 2nd period - Justin Abdelkader wins face-off versus John Mitchell in RedWings zone.
11:20 of 2nd period - Slapshot by John-Michael Liles.
11:20 of 2nd period - Stopped by Ben Scrivens without a rebound.
11:21 of 2nd period - Brandon Dubinsky wins face-off versus Justin Abdelkader in Lightning zone.
11:21 of 2nd period - Brandon Dubinsky is hit by Justin Abdelkader.
11:41 of 2nd period - Penalty to Alex Chiasson is over, Alex Chiasson is back on ice.
11:51 of 2nd period - Slapshot by Bryan Bickell.
11:51 of 2nd period - Shot Blocked by Marc Methot.
12:48 of 2nd period - Ryan Nugent-Hopkins is hit by John-Michael Liles and loses puck.
12:58 of 2nd period - Snap shot by Jason Demers.
12:58 of 2nd period - Shot Blocked by Ryan Suter.
13:00 of 2nd period - Slapshot by Jason Demers.
13:00 of 2nd period - Shot Misses the Net.
13:10 of 2nd period - Slapshot by Jesse Joensuu.
13:10 of 2nd period - Shot Misses the Net.
13:12 of 2nd period - Slapshot by Jason Demers.
13:12 of 2nd period - Stopped by Ben Scrivens without a rebound.
13:13 of 2nd period - Justin Abdelkader wins face-off versus Dave Bolland in Lightning zone.
13:28 of 2nd period - Slapshot by Matt Calvert.
13:28 of 2nd period - Shot Misses the Net.
13:30 of 2nd period - Snap shot by Nikolai Kulemin.
13:30 of 2nd period - Shot Blocked by David Moss.
13:37 of 2nd period - Minor Penalty to Alexei Emelin for Tripping.
13:38 of 2nd period - Justin Abdelkader wins face-off versus Ryan Nugent-Hopkins in RedWings zone.
14:49 of 2nd period - Snap shot by Patrick Marleau.
14:49 of 2nd period - Stopped by Jhonas Enroth with a rebound.
14:51 of 2nd period - Slapshot by Ondrej Palat.
14:51 of 2nd period - Shot Misses the Net.
15:37 of 2nd period - Penalty to Alexei Emelin is over, Alexei Emelin is back on ice.
15:45 of 2nd period - Off-side.
15:46 of 2nd period - Brandon Dubinsky wins face-off versus Chris VandeVelde in neutral zone.
15:51 of 2nd period - John-Michael Liles is hit by Michael Stone and loses puck.
16:49 of 2nd period - Erik Condra is hit by Jason Demers.
16:59 of 2nd period - John-Michael Liles is hit by Mattias Ekholm and loses puck.
17:06 of 2nd period - Erik Condra is hit by Zenon Konopka and loses puck.
17:15 of 2nd period - Alexei Emelin is hit by John Mitchell and loses puck.
17:26 of 2nd period - Zenon Konopka is hit by Alex Chiasson and loses puck.
17:39 of 2nd period - Wrist shot by Ryan Nugent-Hopkins.
17:39 of 2nd period - Deflect By Johnny Boychuk.
17:39 of 2nd period - Shot Misses the Net.
17:39 of 2nd period - Puck is out of play.
17:40 of 2nd period - Ryan Nugent-Hopkins wins face-off versus Mike Angelidis in RedWings zone.
17:55 of 2nd period - Snap shot by Nick Leddy.
17:55 of 2nd period - Shot Misses the Net.
17:57 of 2nd period - Slapshot by Paul Postma.
17:57 of 2nd period - Stopped by Ben Scrivens without a rebound.
17:58 of 2nd period - Mike Angelidis wins face-off versus Brandon Dubinsky in Lightning zone.
18:01 of 2nd period - Snap shot by Beau Bennett.
18:01 of 2nd period - Stopped by Ben Scrivens with a rebound.
18:03 of 2nd period - Snap shot by Beau Bennett.
18:03 of 2nd period - Shot Blocked by Patrick Marleau.
18:05 of 2nd period - Slapshot by Mike Angelidis.
18:05 of 2nd period - Stopped by Ben Scrivens without a rebound.
18:06 of 2nd period - Zac Rinaldo wins face-off versus Brandon Dubinsky in Lightning zone.
18:07 of 2nd period - Snap shot by Devante Smith-Pelly.
18:07 of 2nd period - Stopped by Ben Scrivens without a rebound.
18:08 of 2nd period - Chris VandeVelde wins face-off versus Brandon Dubinsky in Lightning zone.
18:17 of 2nd period - Slapshot by Devante Smith-Pelly.
18:17 of 2nd period - Stopped by Ben Scrivens with a rebound.
19:02 of 2nd period - David Moss is hit by Matt Calvert and loses puck.
19:56 of 2nd period - Snap shot by Alex Chiasson.
19:56 of 2nd period - Stopped by Jhonas Enroth without a rebound.
19:57 of 2nd period - Zenon Konopka wins face-off versus John Mitchell in RedWings zone.
Goals for this period are 1 for Lightning vs 1 for RedWings.
Shots for this period are 7 for Lightning vs 9 for RedWings.

3rd period


0:01 of 3rd period - Zenon Konopka wins face-off versus Brandon Dubinsky in neutral zone.
0:49 of 3rd period - Tyson Barrie is hit by Alexei Emelin and loses puck.
1:33 of 3rd period - Icing by John-Michael Liles.
1:34 of 3rd period - Mike Angelidis wins face-off versus Dave Bolland in RedWings zone.
1:56 of 3rd period - Off-side.
1:57 of 3rd period - Patrick Marleau wins face-off versus Chris VandeVelde in neutral zone.
2:12 of 3rd period - Michael Stone is hit by Chris VandeVelde and loses puck.
2:47 of 3rd period - Slapshot by Bryan Bickell.
2:47 of 3rd period - Shot Hit the Post.
2:49 of 3rd period - Snap shot by Paul Postma.
2:49 of 3rd period - Shot Blocked by Marc Methot.
2:53 of 3rd period - Wrist shot by Zenon Konopka.
2:53 of 3rd period - Shot Misses the Net.
2:55 of 3rd period - Slapshot by Paul Postma.
2:55 of 3rd period - Deflect By Damien Brunner.
2:55 of 3rd period - Stopped by Ben Scrivens without a rebound.
2:56 of 3rd period - Zenon Konopka wins face-off versus Dave Bolland in Lightning zone.
4:40 of 3rd period - Wrist shot by Alexei Emelin.
4:40 of 3rd period - Stopped by Ben Scrivens with a rebound.
4:42 of 3rd period - Wrist shot by Beau Bennett.
4:42 of 3rd period - Shot Blocked by Ondrej Palat.
4:44 of 3rd period - Slapshot by Alexei Emelin.
4:44 of 3rd period - Stopped by Ben Scrivens without a rebound.
4:45 of 3rd period - Brandon Dubinsky wins face-off versus Zac Rinaldo in Lightning zone.
5:00 of 3rd period - Backhand shot by Patrick Marleau.
5:00 of 3rd period - Shot Misses the Net.
5:02 of 3rd period - Snap shot by Marc Methot.
5:02 of 3rd period - Deflect By Brandon Dubinsky.
5:02 of 3rd period - Shot Blocked by Jason Demers.
5:02 of 3rd period - Puck is out of play.
5:03 of 3rd period - Chris VandeVelde wins face-off versus John Mitchell in RedWings zone.
5:08 of 3rd period - Slapshot by John-Michael Liles.
5:08 of 3rd period - Stopped by Ben Scrivens with a rebound.
5:10 of 3rd period - Slapshot by Chris VandeVelde.
5:10 of 3rd period - Shot Blocked by Marc Methot.
5:12 of 3rd period - Slapshot by John-Michael Liles.
5:12 of 3rd period - Stopped by Ben Scrivens without a rebound.
5:13 of 3rd period - Zenon Konopka wins face-off versus John Mitchell in Lightning zone.
5:16 of 3rd period - Wrist shot by Damien Brunner.
5:16 of 3rd period - Shot Misses the Net.
6:07 of 3rd period - Alexei Emelin is hit by Patrick Marleau and loses puck.
6:23 of 3rd period - Minor Penalty to David Moss for Hooking.
6:24 of 3rd period - Justin Abdelkader wins face-off versus Ryan Nugent-Hopkins in RedWings zone.
6:30 of 3rd period - Icing by Ryan Suter.
6:31 of 3rd period - Ryan Nugent-Hopkins wins face-off versus Beau Bennett in Lightning zone.
6:44 of 3rd period - Wrist shot by Ryan Nugent-Hopkins.
6:44 of 3rd period - Deflect By Jiri Tlusty.
6:44 of 3rd period - Deflect By Justin Abdelkader.
6:44 of 3rd period - Stopped by Jhonas Enroth with a rebound.
6:46 of 3rd period - Snap shot by Ryan Nugent-Hopkins.
6:46 of 3rd period - Shot Blocked by John-Michael Liles.
6:48 of 3rd period - Wrist shot by Ryan Suter.
6:48 of 3rd period - Deflect By Jason Demers.
6:48 of 3rd period - Stopped by Jhonas Enroth without a rebound.
6:49 of 3rd period - Brandon Dubinsky wins face-off versus Justin Abdelkader in RedWings zone.
7:44 of 3rd period - Ryan Suter is hit by Justin Abdelkader and loses puck.
8:23 of 3rd period - Penalty to David Moss is over, David Moss is back on ice.
8:27 of 3rd period - Wrist shot by Patrick Marleau.
8:27 of 3rd period - Shot Misses the Net.
8:29 of 3rd period - Snap shot by Brandon Dubinsky.
8:29 of 3rd period - Shot Misses the Net.
8:39 of 3rd period - Johnny Boychuk is hit by Matt Calvert and loses puck.
10:14 of 3rd period - Backhand shot by Ryan Suter.
10:14 of 3rd period - Shot Misses the Net.
10:16 of 3rd period - Wrist shot by Erik Condra.
10:16 of 3rd period - Shot Misses the Net.
10:28 of 3rd period - Snap shot by Ryan Nugent-Hopkins.
10:28 of 3rd period - Stopped by Jhonas Enroth with a rebound.
10:30 of 3rd period - Slapshot by Marc Methot.
10:30 of 3rd period - Deflect By Alex Chiasson.
10:30 of 3rd period - Shot Misses the Net.
10:30 of 3rd period - Puck is out of play.
10:31 of 3rd period - Ryan Nugent-Hopkins wins face-off versus Justin Abdelkader in RedWings zone.
10:59 of 3rd period - Icing by Michael Stone.
11:00 of 3rd period - Ryan Nugent-Hopkins wins face-off versus Chris VandeVelde in Lightning zone.
11:00 of 3rd period - Ryan Nugent-Hopkins is hit by Devante Smith-Pelly.
11:10 of 3rd period - Wrist shot by Alex Chiasson.
11:10 of 3rd period - Stopped by Jhonas Enroth with a rebound.
11:12 of 3rd period - Wrist shot by Marc Methot.
11:12 of 3rd period - Stopped by Jhonas Enroth with a rebound.
11:24 of 3rd period - Michael Stone is hit by Paul Postma and loses puck.
11:49 of 3rd period - Jesse Joensuu is hit by Ondrej Palat and loses puck.
12:33 of 3rd period - Icing by Jesse Joensuu.
12:34 of 3rd period - Dave Bolland wins face-off versus Mike Angelidis in RedWings zone.
12:37 of 3rd period - Snap shot by Matt Calvert.
12:37 of 3rd period - Deflect By Dave Bolland.
12:37 of 3rd period - Stopped by Jhonas Enroth without a rebound.
12:38 of 3rd period - Justin Abdelkader wins face-off versus Dave Bolland in RedWings zone.
12:38 of 3rd period - Justin Abdelkader is hit by Ryan Suter.
13:31 of 3rd period - Johnny Boychuk is hit by Ryan Nugent-Hopkins and loses puck.
13:47 of 3rd period - Off-side.
13:48 of 3rd period - Chris VandeVelde wins face-off versus Brandon Dubinsky in neutral zone.
13:53 of 3rd period - Slapshot by Ondrej Palat.
13:53 of 3rd period - Shot Misses the Net.
14:38 of 3rd period - Snap shot by Bryan Bickell.
14:38 of 3rd period - Shot Misses the Net.
14:40 of 3rd period - Snap shot by Damien Brunner.
14:40 of 3rd period - Shot Blocked by Roman Polak.
14:42 of 3rd period - Slapshot by Zenon Konopka.
14:42 of 3rd period - Shot Misses the Net.
15:22 of 3rd period - Slapshot by Jason Demers.
15:22 of 3rd period - Stopped by Ben Scrivens with a rebound.
15:24 of 3rd period - Slapshot by Jason Demers.
15:24 of 3rd period - Shot Blocked by Michael Stone.
15:46 of 3rd period - Snap shot by Alex Chiasson.
15:46 of 3rd period - Shot Blocked by Johnny Boychuk.
15:48 of 3rd period - Snap shot by Marc Methot.
15:48 of 3rd period - Stopped by Jhonas Enroth without a rebound.
15:49 of 3rd period - Nikolai Kulemin wins face-off versus Justin Abdelkader in RedWings zone.
16:06 of 3rd period - Snap shot by Jannik Hansen.
16:06 of 3rd period - Deflect By Justin Abdelkader.
16:06 of 3rd period - Stopped by Ben Scrivens with a rebound.
16:08 of 3rd period - Snap shot by Jannik Hansen.
16:08 of 3rd period - Shot Misses the Net.
17:15 of 3rd period - Minor Penalty to Michael Stone for Diving.
17:16 of 3rd period - Zenon Konopka wins face-off versus Brandon Dubinsky in Lightning zone.
17:31 of 3rd period - Snap shot by Damien Brunner.
17:31 of 3rd period - Shot Blocked by Marc Methot.
17:33 of 3rd period - Slapshot by John-Michael Liles.
17:33 of 3rd period - Stopped by Ben Scrivens with a rebound.
17:35 of 3rd period - Wrist shot by Jason Demers.
17:35 of 3rd period - Deflect By Damien Brunner.
17:35 of 3rd period - Shot Misses the Net.
17:35 of 3rd period - Puck is out of play.
17:36 of 3rd period - Zenon Konopka wins face-off versus John Mitchell in Lightning zone.
17:43 of 3rd period - Snap shot by Damien Brunner.
17:43 of 3rd period - Shot Misses the Net.
17:45 of 3rd period - Slapshot by John-Michael Liles.
17:45 of 3rd period - Shot Misses the Net.
18:24 of 3rd period - Ryan Suter is hit by Alexei Emelin and loses puck.
18:33 of 3rd period - Wrist shot by Justin Abdelkader.
18:33 of 3rd period - Deflect By Jannik Hansen.
18:33 of 3rd period - Shot Misses the Net.
18:33 of 3rd period - Puck is out of play.
18:34 of 3rd period - Justin Abdelkader wins face-off versus Brandon Dubinsky in Lightning zone.
19:15 of 3rd period - Penalty to Michael Stone is over, Michael Stone is back on ice.
19:36 of 3rd period - Jesse Joensuu is hit by Mattias Ekholm and loses puck.
Goals for this period are 0 for Lightning vs 0 for RedWings.
Shots for this period are 7 for Lightning vs 8 for RedWings.


Output by the SimonT Hockey Simulator (STHS) for Eric Dolegowski -- Original Page W3C XHTML 1.0 Valid
Hockey Simulator - Hockey Simulation - Hockey Manager